 Dungeon Crawl Stone Soup version 0.22-a0-618-gd6a3efe (webtiles) character file.

10 Amnesiac the Magician (level 2, -2/19 HPs)
             Began as a Mummy Earth Elementalist on July 13, 2018.
             Slain by a worm (12 damage)
             ... on level 2 of the Dungeon.
             The game lasted 00:00:56 (305 turns).

Amnesiac the Magician (Mummy Earth Elementalist)     Turns: 305, Time: 00:00:57

Health: -2/19      AC:  2    Str: 11    XL:     2   Next: 10%
Magic:  3/5        EV: 12    Int: 14    God:
Gold:   9          SH:  0    Dex: 12    Spells: 3/6 levels left

rFire    x . .     SeeInvis .   d - +0 mace
rCold    + . .     Gourm    .   (no shield)
rNeg     + + +     Faith    .   c - +0 robe
rPois    ∞         Spirit   .   (no helmet)
rElec    .         Reflect  .   (no cloak)
rCorr    .         Harm     .   (no gloves)
MR       .....                  (no boots)
Stlth    ++........             (no amulet)
HPRegen  0.06/turn              (no ring)
MPRegen  0.09/turn              (no ring)

@: no status effects
A: no food or potions, fire vulnerability, cold resistance 1, negative energy
resistance 3, torment resistance, unbreathing
a: no special abilities


You were on level 2 of the Dungeon.
You were not hungry.

You visited 1 branch of the dungeon, and saw 2 of its levels.

You collected 9 gold pieces.

Inventory:

Hand Weapons
 d - a +0 mace (weapon)
Missiles
 b - 29 stones (quivered)
Armour
 c - a +0 robe (worn)
Jewellery
 e - a cursed -3 ring of slaying {unknown}
Scrolls
 a - 3 scrolls of remove curse {!r, unknown}
 f - a scroll of enchant armour {!r, unknown}


   Skills:
 - Level 1.6 Dodging
 - Level 2.1 Stealth
 - Level 2.6 Spellcasting
 + Level 0.9 Transmutations
 - Level 2.6 Earth Magic


You had 3 spell levels left.
You knew the following spells:

 Your Spells              Type           Power        Failure   Level  Hunger
a - Sandblast             Erth           #.....       8%          1    N/A
b - Passwall              Tmut/Erth      #.......     16%         2    N/A

Your spell library contained the following spells:

 Spells                   Type           Power        Failure   Level  Hunger
 Stone Arrow              Conj/Erth      #.....       36%         3    N/A
 Lee's Rapid Deconstruct  Erth           #.........   91%         5    N/A
 Petrify                  Tmut/Erth      #.......     71%         4    N/A

Dungeon Overview and Level Annotations

Branches:
Dungeon (2/15)

Altars:


Innate Abilities, Weirdness & Mutations

You do not eat or drink.
Your flesh is vulnerable to fire.
You are immune to poison.
Your flesh is cold resistant. (rC+)
You are immune to negative energy. (rN+++)
You are immune to unholy pain and torment.
You can survive without breathing.


Message History

A frilled lizard is nearby!
You hit the frilled lizard.
You kill the frilled lizard!
You have reached level 2!
Memorise Passwall, consuming 2 spell levels and leaving 3?
You start memorising the spell.
You continue memorising. x2
You finish memorising.
Spell assigned to 'b'.
HP restored.
You open the door.
There is an open door here.
a - 3 scrolls labeled TERGHEFYMPE {!r} (gained 1)
e - a knobbly silver ring You open the door.
There is an open door here.
A kobold comes into view.
The kobold shouts!
The kobold throws a stone.
The stone misses you.
You see here a stone.
The kobold throws a stone.
The stone misses you.
The kobold throws a stone.
The stone hits you but does no damage.
You see here a stone.
You sock the kobold!
You kill the kobold!
No target in view!
No target in view!
No target in view!
b - 27 stones (gained 1)
b - 29 stones (gained 2)
You see here a kobold corpse.
Found a scroll labeled KEYPSOHUATT.
A hobgoblin comes into view.
f - a scroll labeled KEYPSOHUATT {!r}
There are no items here.
A worm comes into view.
The hobgoblin hits you.
You barely miss the hobgoblin. The hobgoblin closely misses you.
You closely miss the hobgoblin. The hobgoblin closely misses you.
The hobgoblin hits you but does no damage.
The hobgoblin closely misses you.
You sock the hobgoblin!
You kill the hobgoblin!
No target in view!
No target in view!
You start resting.
HP restored.
Casting: Sandblast (safe; 8% risk of failure)
Confirm with . or Enter, or press ? or * to list all spells.
Aiming: Passwall (safe; 16% risk of failure)
Press: ? - help, Dir - move target cursor A rock wall.
You begin to meditate on the wall.
You continue meditating on the rock. x2
You finish merging with the rock.
The helpless worm fails to defend itself.
You hit the worm.
The worm is moderately wounded.
The worm closely misses you.
You sock the worm!
The worm is severely wounded.
The worm bites you!
You hit the worm.
The worm is almost dead.
The worm bites you!
Ouch! That really hurt!
You die...

#.# #.# ##.# ... #
#.# .# .# #.#####
.##.# #.....## .#...
####.##...##.....
#w@..........#
#.##........## #
#.#..♣.......##.###
......PP.PP........
#...PP♣♣♣P....##.###
#..♣♣♣♣ ♣P♣P..# .#
##P ♣♣.P..##.### #.
♣♣..P........
♣....##.#.##.


You could see a worm.

Vanquished Creatures
  A worm (D:2)
  A bat (D:2)
  2 goblins (D:2)
  A hobgoblin (D:2)
  A frilled lizard (D:2)
  A kobold (D:2)
7 creatures vanquished.

Notes
Turn   | Place    | Note
-------+----------+-------------------------------------------
     0 | D:1      | Amnesiac the Mummy Earth Elementalist began the quest for the Orb.
     0 | D:1      | Reached XP level 1. HP: 13/13 MP: 4/4
   191 | D:2      | Reached XP level 2. HP: 18/19 MP: 5/5
   195 | D:2      | Learned a level 2 spell: Passwall
   305 | D:2      | Slain by a worm

Vault maps used:
D:1:      elethiomel_arrival_maze
D:2:      first_ration, serial_forest, infiniplex_forest_clump_medium,
          infiniplex_forest_clump_large, infiniplex_forest_clump_double,
          infiniplex_forest_pool, infiniplex_forest_split

Skill      XL: |  1 |
---------------+----+-----
Stealth        | 2 |  2.1
Dodging        | |  1.6
Spellcasting   | |  2.6
Transmutations | |  0.9
Earth Magic    | |  2.6

Action                   || total
-------------------------++-------
Melee: Unarmed           ||    10
       Mace              ||    13
 Cast: Sandblast         ||     4
       Passwall          ||     1
 Stab: Sleeping          ||     1
Armor: Robe              ||    11
Dodge: Dodged            ||    34

Table legend:
 A = Spawn XP
 B = Non-spawn XP
 C = Spawn XP percentage of total XP
 D = Spawn monster count
 E = Non-spawn monster count
 F = Spawn count percentage of total count
 G = Total turns spent on level
                    A         B        C        D         E        F      G
               +---------+---------+-------+---------+---------+-------+---------
         Total |       0 |      15 |   0.0 |       0 |       7 |   0.0 |   305
               +---------+---------+-------+---------+---------+-------+---------
           D:2 |       0 |      15 |   0.0 |       0 |       7 |   0.0 |   254
               +---------+---------+-------+---------+---------+-------+---------
